 Dungeon Crawl Stone Soup version 0.23.1-37-gaa34b87 (webtiles) character file.

Game seed: 2126055918381133418

5343 Irenicus the Geomancer (level 10, -2/75 HPs)
             Began as a Deep Dwarf Earth Elementalist on Mar 22, 2019.
             Was a Believer of Makhleb.
             Slain by a troll (14 damage)
             ... on level 7 of the Dungeon.
             The game lasted 00:36:20 (3987 turns).

Irenicus the Geomancer (DDEE)                       Turns: 3987, Time: 00:36:20

Health: -2/75      AC: 11    Str: 11    XL:     10   Next: 38%
Magic:  4/31 (22)  EV: 12    Int: 20    God:    Makhleb [**....]
Gold:   751        SH:  0    Dex: 11    Spells: 13/25 levels left

rFire    + . .     SeeInvis .   y - +0 short sword (elec)
rCold    + . .     Gourm    .   (no shield)
rNeg     . . .     Faith    .   p - +3 leather armour {rC+}
rPois    .         Spirit   .   n - +0 helmet
rElec    .         Reflect  .   j - +0 cloak
rCorr    .         Harm     .   v - +1 pair of gloves
MR       +....                  (no boots)
Stlth    ++........             (no amulet)
HPRegen  0.00/turn              h - ring of magical power {MP+9}
MPRegen  0.22/turn              w - ring of protection from fire {rF+, !d}

@: very slightly contaminated, non-regenerating
A: damage resistance, heal wounds, clumsy 1, sense surroundings 2, MP-powered
wands, no regeneration
a: Heal Wounds, Minor Destruction, Renounce Religion


You were on level 7 of the Dungeon.
You worshipped Makhleb.
Makhleb was pleased with you.
You were hungry.

You visited 2 branches of the dungeon, and saw 8 of its levels.
You also visited: Sewer.

You collected 751 gold pieces.

Inventory:

Hand Weapons
 m - a +1 dagger of speed
   (You took it off an orc on level 4 of the Dungeon)
 y - a +0 short sword of electrocution (weapon)
   (You took it off a kobold in a sewer)
Missiles
 b - 22 stones (quivered)
Armour
 j - a +0 cloak (worn)
   (You found it on level 1 of the Dungeon)
 n - a +0 helmet (worn)
   (You took it off Robin on level 2 of the Dungeon)
 o - a +3 scale mail of poison resistance
   (You took it off Ijyb on level 3 of the Dungeon)
 p - a +3 leather armour of cold resistance (worn)
   (You took it off Edmund on level 4 of the Dungeon)
 s - +0 acid dragon scales
   (You found it on level 7 of the Dungeon)
 v - a +1 pair of gloves (worn)
   (You found it on level 3 of the Dungeon)
 C - the cursed +1 robe of the Lily {rPois}
   (You found it on level 6 of the Dungeon)

   It protects you from poison.
   It has a curse placed upon it.
Magical Staves
 A - an uncursed staff of summoning {unknown}
   (You found it on level 7 of the Dungeon)
Jewellery
 c - an uncursed ring of protection from magic {MR+, !d}
   (You took it off an orc on level 3 of the Dungeon)
 h - a ring of magical power (left hand) {MP+9}
   (You found it on level 1 of the Dungeon)
 k - an uncursed ring of see invisible {sInv, !d}
   (You found it on level 3 of the Dungeon)
 w - a ring of protection from fire (right hand) {rF+, !d}
   (You found it on level 6 of the Dungeon)
 x - a cursed ring of attention {unknown}
   (You found it on level 7 of the Dungeon)
 B - an uncursed ring of fire {rF+, rC-}
   (You found it on level 6 of the Dungeon)
Wands
 g - a wand of flame (14)
   (You took it off Crazy Yiuf on level 2 of the Dungeon)
 D - a wand of iceblast (1)
   (You found it on level 7 of the Dungeon)
Scrolls
 e - 6 scrolls of teleportation
 r - a scroll of fear
 t - 3 scrolls of enchant weapon {unknown}
Potions
 a - 3 potions of brilliance
 f - a potion of lignification {!q}
 i - 3 potions of haste
 l - 3 potions of curing
 q - 6 potions of flight
 u - a potion of invisibility
 z - 2 potions of mutation {!q}
Miscellaneous
 E - a phantom mirror
Comestibles
 d - 12 rations


   Skills:
 - Level 5.1 Armour
 - Level 2.1 Dodging
 - Level 2.4 Stealth
 + Level 8.3 Spellcasting
 - Level 3.2 Conjurations
 - Level 3.0 Translocations
 - Level 5.7 Transmutations
 - Level 10.6 Earth Magic
 - Level 1.7 Evocations


You had 13 spell levels left.
You knew the following spells:

 Your Spells              Type           Power        Failure   Level  Hunger
a - Sandblast             Erth           ######       1%          1    None
g - Apportation           Tloc           ###...       3%          1    None
w - Passwall              Tmut/Erth      #####...     1%          2    None
x - Stone Arrow           Conj/Erth      #####.       1%          3    None
z - Lee's Rapid Deconstr  Erth           ######....   3%          5    #####..

Your spell library contained the following spells:

 Spells                   Type           Power        Failure   Level  Hunger
 Petrify                  Tmut/Erth      #####...     3%          4    ###....
 Animate Skeleton         Necr           N/A          11%         1    None
 Confusing Touch          Hex            #.....       11%         1    None
 Summon Small Mammal      Summ           #...         11%         1    None
 Static Discharge         Conj/Air       ##......     16%         3    None
 Summon Lightning Spire   Summ/Air       #.......     71%         4    ###....
 Lightning Bolt           Conj/Air       ##........   83%         5    #####..
 Silence                  Hex/Air        #.........   96%         5    #####..
 Conjure Ball Lightning   Conj/Air       ##........   100%        6    ######.
 Deflect Missiles         Chrm/Air       #.........   100%        6    ######.
 Ignition                 Fire           #.........   100%        8    #######
 Shatter                  Erth           ######....   100%        9    #######
 Tornado                  Air            #.........   100%        9    #######


Dungeon Overview and Level Annotations

Branches:
Dungeon (7/15)             Temple (1/1) D:6

Altars:
Ashenzari
Dithmenos
Gozag
Hepliaklqana
Kikubaaqudgha
Makhleb
Okawaru
Qazlal
Ru
Trog
Uskayaw
Vehumet
Wu Jian
Xom
Yredelemnul
The Shining One

Shops:
D:4 =


Innate Abilities, Weirdness & Mutations

You are resistant to damage.
You can heal yourself by infusing magical energy.
You passively map the area around you.
You do not regenerate.
You are clumsy. (Dex -2)
You expend magic power (3 MP) to strengthen your wands.


Message History

A metal wall.
The metal wall shatters!
The blast of metal fragments hits the acid dragon!
You now have 4/30 mp.
You don't have enough magic to cast that spell.
You feel a surge of power!
The mass of ice explodes!
The iceblast engulfs the acid dragon!
You now have 2/30 mp.
You feel a slight surge of power.
The mass of ice explodes!
The iceblast engulfs the acid dragon!
You kill the acid dragon!
Makhleb accepts your kill.
The acid dragon scales are intact enough to wear.
You now have 0/30 mp.
Things that are here:
+0 acid dragon scales; an acid dragon corpse s - +0 acid dragon scales You are no longer corroded.
Things that are here:
a +0 dagger; a +0 robe; an orc corpse
Things that are here:
a +0 dagger; a +0 robe; an orc corpse You butcher the orc corpse.
Items here: % ) [ ÷ a +0 dagger; a +0 robe; 3 chunks of flesh {@w0}; an orc skeleton Eating one of 3 chunks of flesh {@w0}.
You eat one of the 3 chunks of flesh {@w0}.
You see here a hunting sling.
A green ugly thing comes into view.
Okay, then.
A metal wall.
The metal wall shatters!
The blast of metal fragments hits the green ugly thing!!
The green ugly thing gurgles horribly!
The blast of metal fragments hits the purple ugly thing!!
The purple ugly thing gurgles horribly!
You now have 5/30 mp.
Okay, then.
A metal wall.
You miscast Lee's Rapid Deconstruction.
You are very lightly contaminated with residual magic.
Motes of dust swirl before your eyes.
You now have 0/30 mp.
Aim: a purple ugly thing (heavily wounded)
The mass of ice explodes!
The iceblast engulfs the purple ugly thing!!
The iceblast engulfs the green ugly thing!
You hear a shout!
The purple ugly thing basks in the mutagenic energy from its kin and changes!
The green ugly thing basks in the mutagenic energy from its kin and changes!
Aim: a green ugly thing (severely wounded)
The mass of ice explodes!
The iceblast engulfs the green ugly thing!
The iceblast engulfs the brown ugly thing!
Aim: a green ugly thing (almost dead)
The mass of ice explodes!
The iceblast engulfs the green ugly thing!
You kill the green ugly thing!
Makhleb accepts your kill.
You can now harness Makhleb's destructive might.
The iceblast engulfs the brown ugly thing.
You can't see any susceptible monsters within range! (Use Z to cast anyway.)
Aim: a brown ugly thing (almost dead)
The blast of sand hits the brown ugly thing!!
You kill the brown ugly thing!
Makhleb accepts your kill.
Your Spellcasting skill increases to level 8!
b - 22 stones You now have 0/31 mp.
You see here an ugly thing corpse.
You see here a ring of see invisible {sInv, !d}.
You see here a ring of see invisible {sInv, !d}.
x - a shiny tourmaline ring You pick up a book of the Sky and begin reading...
You add the spells Summon Lightning Spire, Silence, Deflect Missiles, Conjure Ball Lightning and Tornado to your library.
You now have 751 gold pieces (gained 16).
A - a knobbly jewelled staff Apport: a papyrus book Yoink!
You pull the item towards yourself.
You see here a book of the Tempests.
You now have 2/31 mp.
Apport: a phantom mirror Yoink!
You pull the item towards yourself.
You pick up a book of the Tempests and begin reading...
You add the spells Static Discharge, Lightning Bolt, Ignition and Shatter to your library.
E - a phantom mirror You see here a ring of see invisible {sInv, !d}.
Wield which item (- for none, * to show all)? (? for menu, Esc to quit)
Okay, then.
Okay, then.
You see here an ugly thing corpse.
A troll comes into view.
You are feeling hungry.
The troll bites you.
* * * LOW HITPOINT WARNING * * *
The troll claws you but does no damage. The troll claws you.
* * * LOW HITPOINT WARNING * * *
You take 2 damage, and have 12/75 hp.
You hit the troll. The troll bites you!
You die...

#.#.#.#.#.##.##...###...#..# #.
##.#.#.#.##...##...#...##[.# #.
.#.......##...###.....##...# #.
.##(....## ##..###...###...# #.
..#.#.#.# #...# ##.###....# #.
#.##.#.##*##.#### #.###....# #.
#..#...####=.#..###.##...#.#####.
...##.##.#[=##...##.##.......>...
....#.#.....†...@T#.#....########
.##.##.###########.##....
###.##.. #.)#...#.* #
#..##.#########)##...#.* #
##.)##.......((##...##.
##).#.#########,.. ###
##.##......## , * %%#
#[.#######.# .%# ##)##...).## ,,
,


You could see a troll.

Vanquished Creatures
  2 ugly things (D:7)
  A hornet (D:7)
  Prince Ribbit (D:5)
  2 hogs (D:7)
  A human (D:7)
  An acid dragon (D:7)
  Edmund (D:4)
  A water moccasin (D:7)
  Purgy (Sewer)
  A phantom (D:7)
  A necrophage (D:5)
  2 sky beasts
  5 ogres
  6 centaurs
  A big kobold (D:7)
  Blork the orc (D:4)
  3 bullfrogs
  2 scorpions (D:5)
  4 killer bees (D:7)
  4 wights (D:5)
  2 crimson imps
  4 hounds
  5 bullfrog skeletons
  6 orc priests
  Crazy Yiuf (D:2)
  A jelly (D:5)
  11 orc wizards
  A centaur skeleton (D:6)
  An iguana (D:7)
  Ijyb (D:3)
  3 worker ants
  A killer bee zombie (D:7)
  A hound skeleton (D:3)
  Robin (D:2)
  7 adders
  2 gnolls (D:3)
  A river rat (D:5)
  2 shadow imps
  2 adder zombies
  4 worms
  A dart slug (D:4)
  7 leopard geckos
  38 orcs
  7 giant cockroaches
  16 goblins
  11 hobgoblins
  2 jackals (D:5)
  11 kobolds
  5 quokkas
  3 ball pythons
  6 bats
  9 frilled lizards
  A leopard gecko skeleton (D:4)
  A quokka skeleton (D:6)
  6 rats
222 creatures vanquished.

Vanquished Creatures (collateral kills)
  A worm (D:3)
1 creature vanquished.

Vanquished Creatures (others)
  A gnoll (D:3)
  A leopard gecko (D:4)
  2 orcs
4 creatures vanquished.

Grand Total: 227 creatures vanquished

Notes
Turn   | Place    | Note
-------+----------+-------------------------------------------
     0 | D:1      | Irenicus the Deep Dwarf Earth Elementalist began the quest
                  | for the Orb.
     0 | D:1      | Reached XP level 1. HP: 15/15 MP: 3/3
    34 | D:1      | Reached skill level 2 in Spellcasting
   130 | D:1      | Reached XP level 2. HP: 16/22 MP: 1/5
   142 | D:1      | Learned a level 2 spell: Passwall
   547 | D:2      | Reached skill level 5 in Earth Magic
   547 | D:2      | Reached XP level 3. HP: 16/28 MP: 6/6
   594 | D:2      | Noticed Robin
   667 | D:1      | HP: 5/28 [goblin/+0 club[Robin] (3)]
   684 | D:1      | Learned a level 3 spell: Stone Arrow
   711 | D:2      | Found a faded altar of an unknown god.
   854 | D:2      | HP: 7/28 [worker ant (1)]
   860 | D:2      | Reached skill level 1 in Conjurations
   860 | D:2      | Reached skill level 6 in Earth Magic
   860 | D:2      | Reached XP level 4. HP: 13/36 MP: 0/7
   979 | D:2      | HP: 9/36 [hobgoblin[Robin] (1)]
   997 | D:2      | Killed Robin
  1030 | D:2      | Found a runed translucent door.
  1031 | D:2      | Noticed Crazy Yiuf
  1034 | D:2      | HP: 5/36 [Crazy Yiuf/wand of flame (22) (4)]
  1039 | D:2      | HP: 3/54 [Crazy Yiuf/wand of flame (20) (1)]
  1040 | D:2      | Killed Crazy Yiuf
  1040 | D:2      | Reached XP level 5. HP: 4/42 MP: 1/8
  1107 | D:3      | Noticed Ijyb
  1143 | D:3      | Reached skill level 2 in Conjurations
  1164 | D:3      | Killed Ijyb
  1321 | D:3      | Reached skill level 7 in Earth Magic
  1380 | D:3      | Noticed a +0 dagger
  1382 | D:3      | Noticed a +0 hand axe
  1386 | D:3      | Found a hide-covered altar of Uskayaw.
  1557 | D:4      | Reached skill level 1 in Armour
  1557 | D:4      | Reached XP level 6. HP: 16/49 MP: 3/9
  1602 | D:4      | Reached skill level 3 in Conjurations
  1602 | D:4      | Reached skill level 1 in Evocations
  1610 | D:4      | Gained mutation: You are clumsy. (Dex -2) [potion of
                  | mutation]
  1610 | D:4      | Gained mutation: You expend magic power (3 MP) to
                  | strengthen your wands. [potion of mutation]
  1646 | D:4      | Reached skill level 2 in Armour
  1662 | D:4      | Found Yfriatzi's Jewellery Shoppe.
  1680 | D:4      | Noticed Blork the orc
  1685 | D:4      | Killed Blork the orc
  1685 | D:4      | Reached skill level 3 in Armour
  1740 | D:4      | Noticed Edmund
  1772 | D:4      | Killed Edmund
  1772 | D:4      | Reached XP level 7. HP: 40/55 MP: 10/10
  1914 | D:5      | Entered Level 5 of the Dungeon
  1944 | D:5      | Reached skill level 4 in Armour
  1952 | D:5      | Reached skill level 8 in Earth Magic
  2105 | D:5      | Noticed Prince Ribbit
  2110 | D:5      | Killed Prince Ribbit
  2110 | D:5      | Reached skill level 5 in Armour
  2110 | D:5      | Reached skill level 9 in Earth Magic
  2110 | D:5      | Reached XP level 8. HP: 36/62 MP: 1/11
  2124 | D:5      | Learned a level 5 spell: Lee's Rapid Deconstruction
  2249 | D:5      | Reached skill level 10 in Earth Magic
  2301 | D:5      | Found a glowing drain.
  2305 | Sewer    | Entered a sewer
  2414 | Sewer    | Noticed Purgy
  2417 | Sewer    | Killed Purgy
  2417 | Sewer    | Reached skill level 1 in Transmutations
  2471 | D:5      | Reached skill level 2 in Transmutations
  2480 | D:5      | Reached skill level 3 in Spellcasting
  2519 | D:5      | HP: 11/62 [scorpion (5)]
  2534 | D:5      | Reached skill level 3 in Transmutations
  2759 | D:6      | Reached skill level 4 in Spellcasting
  2815 | D:6      | Found a staircase to the Ecumenical Temple.
  2824 | Temple   | Entered the Ecumenical Temple
  2857 | Temple   | Became a worshipper of Makhleb the Destroyer
  2891 | D:6      | Found a hide-covered altar of Uskayaw.
  3206 | D:6      | Reached skill level 4 in Transmutations
  3224 | D:6      | Got a twisted robe
  3227 | D:6      | Identified the cursed +1 robe of the Lily {rPois} (You
                  | found it on level 6 of the Dungeon)
  3294 | D:6      | Gained mutation: You passively map the area around you.
                  | [Deep Dwarf growth]
  3294 | D:6      | Reached XP level 9. HP: 18/68 MP: 8/15
  3381 | D:6      | Reached skill level 5 in Spellcasting
  3387 | D:6      | Reached skill level 5 in Transmutations
  3407 | D:6      | HP: 14/68 [orc/+0 hand axe (4)]
  3458 | D:7      | HP: 8/68 [centaur/arrow (6)]
  3491 | D:7      | Reached * piety under Makhleb
  3511 | D:7      | Reached skill level 6 in Spellcasting
  3522 | D:7      | HP: 15/68 [killer bee (3)]
  3552 | D:7      | Learned a level 1 spell: Apportation
  3623 | D:7      | Reached skill level 1 in Translocations
  3675 | D:7      | Reached skill level 2 in Translocations
  3678 | D:7      | HP: 14/68 [big kobold/+0 short sword (5)]
  3687 | D:7      | Noticed a purple ugly thing
  3764 | D:7      | Reached skill level 3 in Translocations
  3764 | D:7      | Reached XP level 10. HP: 20/75 MP: 6/20
  3855 | D:7      | Reached skill level 7 in Spellcasting
  3861 | D:7      | HP: 14/75 [human/+0 hand axe (6)]
  3904 | D:7      | HP: 14/75 [acid (8)]
  3951 | D:7      | Noticed a green ugly thing
  3956 | D:7      | Killed a green ugly thing
  3956 | D:7      | Reached ** piety under Makhleb
  3958 | D:7      | Killed a brown ugly thing
  3958 | D:7      | Reached skill level 8 in Spellcasting
  3986 | D:7      | HP: 13/75 [troll (1)]
  3987 | D:7      | Slain by a troll

Skill      XL: |  1  2  3  4  5  6  7  8  9 10 |
---------------+-------------------------------+-----
Spellcasting   | 2 4 6 8 |  8.3
Earth Magic    | 5 6 7 9 10 | 10.6
Conjurations   | 1 2 3 |  3.2
Armour         | 1 3 5 |  5.1
Evocations     | 1 |  1.7
Transmutations | 4 5 |  5.7
Translocations | 3 |  3.0
Dodging        | |  2.1
Stealth        | |  2.4

Action                   |  1- 3 |  4- 6 |  7- 9 | 10-12 || total
-------------------------+-------+-------+-------+-------++-------
Melee: Dagger            |    43 |    49 |    41 |       ||   133
       Short sword       |       |       |    57 |     4 ||    61
Throw: Tomahawk          |     3 |       |       |       ||     3
 Cast: Sandblast         |    37 |    93 |   130 |    11 ||   271
       Passwall          |    11 |     4 |    12 |     2 ||    29
       Stone Arrow       |     8 |     6 |    23 |     3 ||    40
       Lee's Rapid Decon |       |       |    13 |     3 ||    16
       Apportation       |       |       |     1 |     2 ||     3
 Abil: Heal Wounds       |       |     1 |       |       ||     1
Evoke: Wand              |       |    17 |     7 |     5 ||    29
  Use: Scroll            |     3 |     4 |     5 |     2 ||    14
       Potion            |     2 |     5 |     3 |       ||    10
 Stab: Sleeping          |     5 |       |     4 |       ||     9
       Invisible         |       |       |     1 |       ||     1
  Eat: Chunk             |     1 |     5 |     8 |     1 ||    15
       Ration            |       |       |     2 |       ||     2
Armor: Robe              |     6 |    31 |       |       ||    37
       Scale mail        |       |    26 |       |       ||    26
       Leather armour    |       |       |    59 |     3 ||    62
Dodge: Dodged            |    40 |    72 |    92 |     2 ||   206

Levels and vault maps discovered:
D:1:      dpeg_arrival_arbitrary_b, layout_loops_ring
D:2:      layout_basic, chequers_ecumenical_altar_simple, uniq_robin,
          uniq_crazy_yiuf_cottage
D:3:      layout_rooms, dancing_weapons_uskayaw, first_ration,
          hangedman_feature_mirror, uniq_ijyb
D:4:      layout_rooms, serial_shops, shop, uniq_edmund, uniq_blork_the_orc
D:5:      layout_loops_ring, gup_sewer_entry_spiral, uniq_prince_ribbit1
D:6:      minmay_polygon_palace, layout_loops_corners,
          minmay_temple_entry_stoned_glass, basic_altar
D:7:      minmay_the_grid_triangle_9x9_recursive_2
          [minmay_the_grid_triangle_9x9_prize_schism,
          minmay_the_grid_triangle_9x9_zippers_horizontal,
          minmay_the_grid_triangle_9x9_sprig,
          minmay_the_grid_triangle_9x9_impossible_snake], layout_basic,
          grunt_livestock, kennysheep_generic_room_10
Temple:   kilobyte_greek_temple
Sewer:    kennysheep_door_sewer

Table legend:
 A = Turns spent in this place as a percentage of turns spent in the entire game.
 B = Non-inter-level travel turns spent in this place as a percentage of non-inter-level travel turns spent in the entire game.
 C = Inter-level travel turns spent in this place as a percentage of turns spent in this place.
 D = Turns resting spent in this place as a percentage of non-inter-level travel turns spent in this place.
 E = Turns spent auto-exploring this place as a percentage of non-inter-level travel turns spent in this place.
 F = Non-inter-level travel turns spent in this place divided by the number of levels of this place that you've seen.
                   A       B       C       D       E      F
               +-------+-------+-------+-------+-------+----------------------
         Total | 100.0 | 100.0 |   0.0 |   0.7 |   0.0 | 443.0
       Dungeon |  94.7 |  94.7 |   0.0 |   0.7 |   0.0 | 539.3
        Temple |   1.7 |   1.7 |   0.0 |   0.0 |   0.0 |  66.0
         Sewer |   3.7 |   3.7 |   0.0 |   0.0 |   0.0 | 146.0
               +-------+-------+-------+-------+-------+----------------------

Table legend:
 A = Kills in this place as a percentage of kills in entire the game.
 B = Kills by you in this place as a percentage of kills by you in the entire game.
 C = Kills by friends in this place as a percentage of kills by friends in the entire game.
 D = Other kills in this place as a percentage of other kills in the entire game.
 E = Experience gained in this place as a percentage of experience gained in the entire game.
 F = Experience gained in this place divided by the number of levels of this place that you have seen.
                   A       B       C       D       E      F
               +-------+-------+-------+-------+-------+----------------------
         Total | 100.0 | 100.0 | 100.0 |   N/A | 100.0 | 848.1
       Dungeon |  97.3 |  97.3 | 100.0 |   N/A |  98.2 | 1071.0
         Sewer |   2.7 |   2.7 |   0.0 |   N/A |   1.8 | 136.0
               +-------+-------+-------+-------+-------+----------------------
